 Dungeon Crawl Stone Soup version 0.31-a0-161-gb58dd9be76 (webtiles) character file.

Game seed: 3739054744883834794

305 qw the Shooter (level 6, -1/38 HPs)
             Began as a Gargoyle Hunter on June 12, 2023.
             Slain by a water moccasin (7 damage)
             ... on level 5 of the Dungeon.
             The game lasted 00:01:18 (2993 turns).

qw the Shooter (Gargoyle Hunter)                    Turns: 2993, Time: 00:01:18

Health: -1/38      AC: 10    Str: 14    XL:     6   Next: 39%
Magic:  6/6        EV: 12    Int: 10    God:
Gold:   279        SH:  0    Dex: 15    Spells: 5/5 levels left

rFire   + . .        Y - +1 arbalest
rCold   . . .        (shield currently unavailable)
rNeg    + . .        c - +2 robe {rF+}
rPois   inf          (no helmet)
rElec   +            l - +0 cloak
rCorr   +            (no gloves)
SInv    .            i - +0 pair of boots
Will    .....        (no amulet)
Stlth   ++           p - ring of resist corrosion
HPRegen 0.26/turn    (no ring)
MPRegen 0.10/turn

%: no passive effects
@: marked, weakened
A: sickness immunity, AC +4, negative energy resistance 1, electricity
resistance, torment resistance 1, petrification resistance
a: no special abilities


You were on level 5 of the Dungeon.
You visited 1 branch of the dungeon, and saw 5 of its levels.

You collected 279 gold pieces.


Innate Abilities, Weirdness & Mutations

You are immune to sickness and miasma.
Your stone body is resilient. (AC +4)
You are immune to poison.
You resist negative energy. (rN+)
You are resistant to electric shocks. (rElec)
You are resistant to unholy torment.
You are immune to petrification.


   Skills:
 - Level 4.0 Fighting
 + Level 6.6 Ranged Weapons
 - Level 1.0 Armour
 - Level 1.5 Dodging
 - Level 1.1 Stealth


You had 5 spell levels left.
You didn't know any spells.
Your spell library was empty.

Inventory:

Hand Weapons
 Y - a +1 arbalest (weapon)
Armour
 c - a +2 robe of fire resistance (worn)
 i - a +0 pair of boots (worn)
 l - a +0 cloak (worn)
Jewellery
 p - a ring of resist corrosion (left hand)
Potions
 a - 2 potions of attraction
 b - a potion of enlightenment {unknown}
 d - a potion of resistance {unknown}
 e - a potion of mutation {unknown}
 f - a potion of curing
 g - a potion of invisibility {unknown}
 h - a potion of might {unknown}
 k - a potion of magic {unknown}
 m - a potion of brilliance {unknown}
 n - a potion of heal wounds {unknown}

Dungeon Overview and Level Annotations

Branches:
Dungeon (5/15)
 Temple: D:4-7

Altars:
Qazlal
Ru

Shops:
D:2 *

Annotations:
D:4 1 runed translucent door, qw's ghost, weakling MiHu


Message History

You hear a shout!
You hear a bark!
You hear a shout! x2
You shoot a bolt.
The bolt barely misses the water moccasin.
The gnoll closely misses you.
The gnoll bouda gazes fiercely through you!
You feel your attacks grow feeble. The gnoll bouda closely misses you.
The water moccasin bites you but does no damage.
The howler monkey completely misses you.
The gnoll bouda barely misses you. The water moccasin barely misses you.
The gnoll hits you with a +0 whip!
You shoot a bolt. The bolt misses the water moccasin.
The howler monkey hoots and howls with incredible vigour!
A scorpion comes into view.
The water moccasin misses you. The gnoll misses you.
The howler monkey hits you but does no damage.
The gnoll bouda gazes fiercely through you!
You feel as though you will be weak longer.
The gnoll bouda hits you but does no damage.
The gnoll closely misses you.
An orc comes into view. It is wielding a +0 club.
The water moccasin bites you. The gnoll hits you but does no damage.
You shoot a bolt.
The bolt barely misses the water moccasin.
The howler monkey hits you. The water moccasin closely misses you.
The gnoll hits you with a +0 whip.
The gnoll bouda gazes fiercely through you!
You feel as though you will be weak longer.
The gnoll bouda hits you but does no damage.
The howler monkey hits you but does no damage.
The gnoll hits you but does no damage.
The water moccasin bites you but does no damage.
The gnoll hits you but does no damage.
An orc comes into view. It is wielding a +0 whip.
The gnoll bouda hits you but does no damage.
You shoot a bolt. The bolt misses the water moccasin.
The bolt closely misses the scorpion.
The howler monkey hoots and howls with incredible vigour!
The water moccasin bites you!
You die...

.####. ####
.).... ....#
#....# .....
#.)... ......
.#.....###...o..
.....).#...o.#
#...ggg<....#
#....g@.#...#
#.....hS....#
#...........#
#..?........#
#.........s.#
#............#
.............#
.............#


You could see a water moccasin, a gnoll bouda, a scorpion, a howler monkey
(catching breath), 3 gnolls and 2 orcs.

Vanquished Creatures
  An orc priest (D:4)
  2 hounds
  4 gnolls
  7 adders
  2 worms
  2 dart slugs
  6 orcs
  13 ball pythons
  5 endoplasms
  3 giant cockroaches
  6 goblins
  6 hobgoblins
  8 jackals
  12 kobolds
  9 quokkas
  4 bats
  A frilled lizard (D:1)
  10 rats
101 creatures vanquished.

Notes
Turn   | Place    | Note
-------+----------+-------------------------------------------
     0 | D:1      | qw the Gargoyle Hunter began the quest for the Orb.
     0 | D:1      | Reached XP level 1. HP: 12/12 MP: 1/1
     0 | D:1      | 0 ||| qw: Version: 0.2-a-29-gc1b59c4
     0 | D:1      | 0 ||| qw: Game counter: 4179
     0 | D:1      | 0 ||| qw: Always use a shield: true
     0 | D:1      | 0 ||| qw: God list: Okawaru
     0 | D:1      | 0 ||| qw: Allow faded altars: false
     0 | D:1      | 0 ||| qw: Do Orc after D:15 true
     0 | D:1      | 0 ||| qw: Do second Lair branch before Depths: true
     0 | D:1      | 0 ||| qw: Lair rune preference: random
     0 | D:1      | 0 ||| qw: Plans: Normal, Zot:1-4, Slime:5, God:TSO, Crypt,
                  | Tomb, Abyss, Pan, Hells, Win
     0 | D:1      | 0 ||| PLANNING D:1-11
    94 | D:1      | Found a faded altar of an unknown god.
   262 | D:1      | Reached XP level 2. HP: 17/17 MP: 2/2
   467 | D:1      | Reached skill level 5 in Ranged Weapons
   467 | D:1      | Reached XP level 3. HP: 18/21 MP: 3/3
  1061 | D:1      | 1061 ||| UPGRADING to +0 pair of boots.
  1066 | D:1      | 1066 ||| UPGRADING to +0 cloak.
  1071 | D:1      | 1071 ||| UPGRADING to +0 ring mail.
  1081 | D:1      | 1081 ||| DROPPING +0 leather armour.
  1082 | D:1      | 1082 ||| DROPPING amulet of magic regeneration.
  1083 | D:1      | 1083 ||| DROPPING ring of wizardry.
  1084 | D:1      | 1084 ||| READING scroll labelled CUHOES MUXAE.
  1085 | D:1      | 1085 ||| READING scroll labelled QAS ELOTEXKET.
  1086 | D:1      | 1086 ||| READING scroll labelled OLEXTA WOLE.
  1087 | D:1      | 1087 ||| READING scroll labelled ASKIODGH OMAPHU.
  1088 | D:1      | 1088 ||| READING scroll labelled FENOARHOGH.
  1089 | D:1      | 1089 ||| DROPPING scroll of butterflies.
  1116 | D:2      | Found Yfamuam's General Store.
  1150 | D:2      | Reached skill level 1 in Armour
  1278 | D:2      | Reached XP level 4. HP: 27/27 MP: 4/4
  1366 | D:2      | Reached skill level 3 in Fighting
  1571 | D:2      | Found a stormy altar of Qazlal.
  1695 | D:2      | 1695 ||| UPGRADING to +2 robe of fire resistance.
  1705 | D:2      | 1705 ||| DROPPING +0 ring mail.
  1706 | D:2      | 1706 ||| READING scroll labelled BUELOKHLIGI.
  1707 | D:2      | 1707 ||| READING scroll labelled REXYCA MISAKHLU.
  1997 | D:3      | Reached XP level 5. HP: 32/32 MP: 5/5
  2314 | D:3      | 2314 ||| READING scroll labelled TES WU ZIJAIN.
  2315 | D:3      | 2315 ||| DRINKING 2 yellow potions.
  2417 | D:4      | Reached skill level 6 in Ranged Weapons
  2429 | D:4      | 2429 ||| FLEEEEING.
  2430 | D:4      | 2430 ||| FLEEEEING.
  2431 | D:4      | 2431 ||| FLEEEEING.
  2432 | D:4      | 2432 ||| FLEEEEING.
  2433 | D:4      | 2433 ||| FLEEEEING.
  2434 | D:4      | 2434 ||| FLEEEEING.
  2435 | D:4      | 2435 ||| FLEEEEING.
  2436 | D:4      | 2436 ||| FLEEEEING.
  2437 | D:4      | 2437 ||| FLEEEEING.
  2439 | D:4      | 2439 ||| STAIRDANCE
  2513 | D:4      | 2513 ||| SWAPPING to +0 arbalest.
  2515 | D:4      | 2515 ||| DROPPING +1 shortbow.
  2590 | D:4      | Noticed qw's ghost (weakling MiHu)
  2671 | D:4      | 2671 ||| READING scroll of enchant weapon.
  2671 | D:4      | 2671 ||| ENCHANTING +0 arbalest.
  2700 | D:4      | Reached XP level 6. HP: 37/38 MP: 6/6
  2780 | D:4      | Found a runed translucent door.
  2863 | D:4      | Found a sacrificial altar of Ru.
  2911 | D:4      | 2911 ||| UPGRADING to ring of resist corrosion.
  2912 | D:4      | 2912 ||| READING scroll labelled DYPNUO QIFOFAT.
  2946 | D:4      | 2946 ||| DRINKING 2 brown potions.
  2978 | D:5      | Entered Level 5 of the Dungeon
  2984 | D:5      | Noticed a water moccasin
  2992 | D:5      | HP: 9/38 [howler monkey (5)]
  2993 | D:5      | Slain by a water moccasin

Levels and vault maps discovered:
D:1:      dpeg_arrival_radiant, layout_loops_ring, serial_co_window_serial,
          co_window_paths_a, co_window_corner_a, co_window_of_opportunity_a,
          co_window_paths_b, co_window_cross_1, co_window_cross_2,
          co_window_paths_c, co_window_corner_ca, co_window_paths_e,
          co_window_paths_d, glass_columns_a, chequers_ecumenical_altar_island
D:2:      layout_loops_cross, serial_shops, nicolae_shop_tiny_waterfront,
          basic_altar
D:3:      layout_loops_cross, hangedman_feature_mirror
D:4:      layout_rooms, kennysheep_little_box, hellmonk_ghost_happy_afterlife
D:5:      layout_basic, uniq_crazy_yiuf_cottage

Skill      XL: |  1  2  3  4  5 |
---------------+----------------+-----
Ranged Weapons | 5 6 |  6.6
Armour         | 1 |  1.0
Fighting       | 3 4 |  4.0
Dodging        | |  1.5
Stealth        | |  1.1

Action                     |  1- 3 |  4- 6 || total
---------------------------+-------+-------++-------
   Fire: Shortbow          |   132 |   109 ||   241
         Arbalest          |       |    42 ||    42
    Use: Scroll            |     5 |     5 ||    10
         Potion            |       |     2 ||     2
 Armour: Leather armour    |    45 |       ||    45
         Ring mail         |     1 |     8 ||     9
         Robe              |       |    25 ||    25
  Dodge: Dodged            |    50 |    71 ||   121

Table legend:
 A = Non-vault XP
 B = Vault XP
 C = Vault XP percentage of total XP
 D = Non-vault monster count
 E = Vault monster count
 F = Vault count percentage of total count
                 A         B        C        D         E       F
            +---------+---------+-------+---------+---------+-------
      Total |     433 |       3 |   0.7 |      99 |       2 |   2.0
            +---------+---------+-------+---------+---------+-------
        D:1 |      64 |       0 |   0.0 |      33 |       0 |   0.0
        D:2 |      43 |       0 |   0.0 |      16 |       0 |   0.0
        D:3 |      69 |       3 |   4.2 |      19 |       2 |   9.5
        D:4 |     174 |       0 |   0.0 |      27 |       0 |   0.0
        D:5 |      83 |       0 |   0.0 |       4 |       0 |   0.0
            +---------+---------+-------+---------+---------+-------
